 Dungeon Crawl Stone Soup version 0.30.0-29-ga12c61a403 (webtiles) character file.

Game seed: 5959571763946705215

45166 belegose the Thaumaturge (level 14, -7/105 HPs)
             Began as a Merfolk Ice Elementalist on June 12, 2023.
             Was the Champion of Makhleb.
             Mangled by a dire elephant (29 damage)
             ... on level 5 of the Lair of Beasts.
             The game lasted 02:02:35 (23767 turns).

belegose the Thaumaturge (MfIE)                    Turns: 23767, Time: 02:02:36

Health: -7/105     AC:  8    Str: 12    XL:     14   Next: 31%
Magic:  3/28       EV: 16    Int: 15    God:    Makhleb [******]
Gold:   1124       SH:  0    Dex: 17    Spells: 16/33 levels left

rFire   + . .        b - +3 scimitar (flame)
rCold   + + .        (no shield)
rNeg    . . .        N - +2 robe {rC+}
rPois   +            (no helmet)
rElec   .            R - scarf {rC+ rF+}
rCorr   .            V - +2 pair of gloves
SInv    .            t - +0 pair of boots
Will    +....        (no amulet)
Stlth   +++          p - ring of Keboh {rPois Dex+2}
HPRegen 0.37/turn    c - ring of wizardry
MPRegen 0.21/turn

%: wizardry (x1)
@: freezing walls
A: (nimble swimmer 2), mertail
a: Renounce Religion, Minor Destruction, Lesser Servant of Makhleb, Major
Destruction, Greater Servant of Makhleb


You were on level 5 of the Lair of Beasts.
You worshipped Makhleb.
Makhleb was exalted by your worship.
You visited 3 branches of the dungeon, and saw 17 of its levels.
You also visited: Ossuary.

You collected 1236 gold pieces.
You spent 112 gold pieces at shops.

Inventory:

Hand Weapons
 a - a +1 dagger of venom
 b - a +3 scimitar of flaming (weapon)
Missiles
 s - 13 boomerangs
 C - 4 silver javelins
 G - 2 curare-tipped darts
 L - 25 poisoned darts (quivered)
 Q - 6 javelins
Armour
 t - a +0 pair of boots (worn)
 N - a +2 robe of cold resistance (worn)
 R - a scarf of resistance (worn)
 V - a +2 pair of gloves (worn)
Jewellery
 c - a ring of wizardry (right hand)
 n - a +6 ring of intelligence
 p - the ring of Keboh (left hand) {rPois Dex+2}
   (You found it on level 2 of the Lair of Beasts)

   [ring of poison resistance]

   Dex:       It affects your dexterity (+2).
   rPois:     It protects you from poison.
 z - a ring of flight
Wands
 r - a wand of iceblast (17)
 A - a wand of digging (4)
 H - a wand of mindburst (3)
Scrolls
 h - 3 scrolls of immolation {unknown}
 j - 3 scrolls of noise {unknown}
 k - a scroll of butterflies {unknown}
 m - 12 scrolls of teleportation {unknown}
 u - 5 scrolls of amnesia {unknown}
 w - 6 scrolls of fear
 x - 6 scrolls of enchant armour {unknown}
 F - 3 scrolls of magic mapping {unknown}
 J - a scroll of blinking {unknown}
 M - 3 scrolls of vulnerability {unknown}
 P - 2 scrolls of fog {unknown}
 S - a scroll of silence {unknown}
 X - a scroll of enchant weapon {unknown}
 Y - 2 scrolls of poison {unknown}
Potions
 d - a potion of resistance
 e - 3 potions of brilliance
 f - 5 potions of curing
 g - 3 potions of berserk rage
 i - 7 potions of magic
 l - 5 potions of flight
 o - 2 potions of invisibility {unknown}
 v - 4 potions of lignification
 B - 4 potions of might
 D - 4 potions of mutation
 E - 2 potions of ambrosia {unknown}
 K - 2 potions of cancellation {unknown}
 O - 7 potions of heal wounds
 U - a potion of haste
Miscellaneous
 q - a box of beasts
 y - a phantom mirror
 I - a lightning rod (4/4)
 T - a condenser vane


   Skills:
 + Level 8.0 Fighting
 - Level 4.0(5.1) Short Blades
 + Level 4.8(5.5) Long Blades
 - Level 5.0 Throwing
 - Level 3.0 Armour
 - Level 8.0 Dodging
 - Level 5.0 Stealth
 - Level 10.0 Spellcasting
 - Level 5.0 Conjurations
 - Level 5.0 Summonings
 + Level 1.0 Necromancy
 - Level 10.0 Ice Magic
 - Level 5.0 Air Magic
 - Level 10.0 Invocations
 + Level 9.1 Evocations


You had 16 spell levels left.
You knew the following spells:

 Your Spells              Type           Power      Damage    Failure   Level
a - Freeze                Ice            100%       1d10      1%          1
b - Frozen Ramparts       Ice            74%        1d12      1%          3
c - Summon Ice Beast      Ice/Summ       30%        N/A       1%          4
d - Freezing Cloud        Conj/Ice/Air   13%        6-21      8%          5
e - Dispel Undead         Necr           10%        3d9       26%         4

Your spell library contained the following spells:

 Spells                   Type           Power      Damage    Failure   Level
 Magic Dart               Conj           88%        1d7       1%          1
 Summon Small Mammal      Summ           88%        N/A       1%          1
 Searing Ray              Conj           44%        2d6       1%          2
 Ozocubu's Armour         Ice            37%        N/A       1%          3
 Necrotise                Necr           40%        1d6       2%          1
 Cigotuvi's Dreadful Rot  Necr/Pois/Air  26%        N/A       2%          2
 Apportation              Tloc           14%        N/A       4%          1
 Ignite Poison            Fire/Tmut/Pois 7%         N/A       12%         3
 Inner Flame              Hex/Fire       7%         N/A       12%         3
 Flame Wave               Conj/Fire      15%        2d7       14%         4
 Fulminant Prism          Conj/Hex       7%         3d7       14%         4
 Sticky Flame             Conj/Fire      15%        2d4       14%         4
 Metabolic Englaciation   Hex/Ice        11%        N/A       14%         5
 Simulacrum               Ice/Necr       12%        N/A       50%         6
 Death Channel            Necr           5%         N/A       98%         6


Dungeon Overview and Level Annotations

Branches:
Dungeon (11/15)            Temple (1/1) D:6            Lair (5/5) D:10
 Shoals (0/4) Lair:3        Snake (0/4) Lair:3          Orc (0/2) D:10
Ossuary (visited)
  Slime: Lair:4-5

Altars:
Cheibriados
Dithmenos
Elyvilon
Fedhas
Gozag
Hepliaklqana
Kikubaaqudgha
Makhleb
Nemelex Xobeh
Okawaru
Ru
Sif Muna
Trog
Uskayaw
Vehumet
Wu Jian
Xom
Yredelemnul
Zin
The Shining One
Jiyva

Shops:
D:6 *   D:10 !

Annotations:
D:6 1 runed translucent door, exclusions: door and downstairs, Fractals's ghost, novice NaWr
D:7 4 exclusions, Joseph
D:10 exclusion: downstairs
Lair:5 exclusion: 3 oklob plants


Innate Abilities, Weirdness & Mutations

((You are very nimble when in or above water. (Stealth+, EV+, Speed+++)))
Your lower body shifts to a powerful aquatic tail in water.


Message History

The dire elephant tramples your ice beast!!
Your ice beast stumbles backwards!
Your ice beast dies!
Your ice beast disappears in a puff of smoke!
Unknown command.
You are engulfed in freezing vapours.
You resist.
The dire elephant is engulfed in freezing vapours.
Casting: Freezing Cloud (dangerous; 8% risk of failure)
Confirm with . or Enter, or press ? or * to list all spells.
A chill wind blows around you.
The dire elephant trumpets!
The dire elephant is engulfed in freezing vapours.
Unknown command.
The dire elephant is engulfed in freezing vapours.
Casting: Summon Ice Beast (mildly dangerous; 1% risk of failure)
Confirm with . or Enter, or press ? or * to list all spells.
Casting: Frozen Ramparts (safe; 1% risk of failure)
Press: ? - help, Dir - look around, f - activate The walls around you are covered in ice.
Your ice beast hits the dire elephant.
Your ice beast freezes the dire elephant!
Unknown command.
You slash the dire elephant! You burn the dire elephant.
The dire elephant is severely wounded.
The wall freezes the dire elephant but does no damage.
The dire elephant tramples you!!
You hold your ground!
The dire elephant closely misses you.
Your ice beast completely misses the dire elephant.
Unknown command.
You hit the dire elephant but do no damage.
The dire elephant is severely wounded.
The wall freezes the dire elephant but does no damage.
The dire elephant tramples you!!
* * * LOW HITPOINT WARNING * * *
You hold your ground!
The dire elephant trunk-slaps you!
* * * LOW HITPOINT WARNING * * *
Your ice beast hits the dire elephant but does no damage.
The wall freezes the dire elephant but does no damage.
The dire elephant tramples you!!
You die...

.†.†♣ ♣..♣ ♣.♣ ♣.♣♣ ♣♣°♣♣ .
♣♣♣♣°.♣♣♣ .. ♣.♣♣...Y...♣♣♣♣♣
♣♣.. ..)
............Y.†..♣.♣♣....
......#.........@#.#.♣...♣
.##....#.......######....## .
.#........#.....#..P.#..†.###..
.................#........P......
.................P...............
.................................
..P..............................
.....P...##.....#........#.......
.#.........#...##.....####.!.....


You could see a dire elephant (ally target) and a friendly ice beast (summoned).

Vanquished Creatures
  3 hydras
  A two-headed ogre (D:10)
  Erica (Lair:1)
  5 death yaks
  16 elephants
  2 torpor snails
  A black mamba (Lair:5)
  13 cane toads
  2 rime drakes (Lair:4)
  9 komodo dragons
  A polar bear (Lair:3)
  A troll (D:10)
  A hornet (D:7)
  8 blink frogs
  3 wraiths
  4 wyverns
  Grum (D:9)
  33 yaks
  2 steam dragons
  4 nagas (Lair:3)
  15 water moccasins
  An orc warrior (D:6)
  A black bear (D:6)
  3 ogres
  An ice beast (D:5)
  23 wolves
  3 centaurs
  A phantom (D:5)
  3 kobold brigands
  6 bullfrogs
  4 scorpions
  11 wights
  13 killer bees (D:9)
  7 howler monkeys
  5 electric eels (Lair:1)
  7 hounds
  6 orc priests
  A gnoll bouda (D:6)
  A jelly (D:5)
  6 iguanas
  5 sleepcaps
  23 orc wizards
  3 hell rats (Lair:2)
  Natasha (thrice) (D:2)
  A hound zombie (Ossuary)
  A mummy (Ossuary)
  5 gnolls (D:6)
  13 adders
  2 shadow imps
  A white imp (D:6)
  2 nameless horrors
  2 ufetubi
  6 worms
  4 dart slugs
  30 orcs
  4 bats
  7 endoplasms
  4 giant cockroaches
  A goblin (D:1)
  9 hobgoblins
  9 jackals
  2 quokkas
  3 ball pythons
  2 frilled lizards (D:2)
  A goblin zombie (Ossuary)
  A hobgoblin zombie (Ossuary)
  A jackal zombie (Ossuary)
  11 kobolds
  An orc zombie (Ossuary)
  8 rats
394 creatures vanquished.

Vanquished Creatures (collateral kills)
  Josephine (Lair:4)
  A hydra (Lair:3)
  A moth of wrath (D:10)
  2 black mambas (Lair:5)
  5 elephants
  A torpor snail (Lair:4)
  2 cane toads
  2 komodo dragons
  2 polar bears (Lair:5)
  8 yaks
  4 wraiths
  2 wyverns
  3 basilisks
  2 wargs (D:10)
  2 orc warriors
  2 ogres (D:6)
  A centaur (D:8)
  An elf zombie (Ossuary)
  A bullfrog (D:8)
  6 wights
  2 killer bees (D:9)
  A howler monkey (D:9)
  3 orc priests
  2 hell rats (Lair:2)
  2 orc wizards (D:10)
  3 mummies (Ossuary)
  2 gnolls (D:6)
  An adder zombie (Ossuary)
  6 orcs
  A gnoll zombie (Ossuary)
  2 hobgoblins (D:6)
  2 kobolds
  2 goblin zombies (Ossuary)
  2 jackal zombies (Ossuary)
80 creatures vanquished.

Vanquished Creatures (others)
  An orc wizard (D:10)
1 creature vanquished.

Grand Total: 475 creatures vanquished

Notes
Turn   | Place    | Note
-------+----------+-------------------------------------------
     0 | D:1      | belegose the Merfolk Ice Elementalist began the quest for
                  | the Orb.
     0 | D:1      | Reached XP level 1. HP: 13/13 MP: 3/3
   144 | D:1      | Reached XP level 2. HP: 19/19 MP: 5/5
  1025 | D:2      | Reached XP level 3. HP: 24/24 MP: 2/6
  1113 | D:1      | Learned a level 3 spell: Frozen Ramparts
  1605 | D:2      | Reached XP level 4. HP: 30/30 MP: 3/7
  2023 | D:3      | Reached skill level 5 in Ice Magic
  2023 | D:3      | Reached XP level 5. HP: 18/35 MP: 3/9
  2101 | D:2      | Noticed Natasha
  2109 | D:2      | Killed Natasha
  2110 | D:2      | Noticed Natasha
  2116 | D:2      | Killed Natasha
  2251 | D:2      | Noticed Natasha
  2262 | D:2      | Killed Natasha
  2372 | D:2      | Reached XP level 6. HP: 41/41 MP: 3/10
  2744 | D:3      | Found a sparkling altar of Nemelex Xobeh.
  2774 | D:3      | Found a burning altar of Makhleb.
  2785 | D:3      | Became a worshipper of Makhleb the Destroyer
  2847 | D:3      | Reached skill level 5 in Dodging
  3105 | D:2      | Reached skill level 1 in Evocations
  3105 | D:2      | Reached XP level 7. HP: 35/46 MP: 12/12
  3237 | D:3      | Found an iron altar of Okawaru.
  3499 | D:4      | Found a hazy altar of Hepliaklqana.
  3499 | D:4      | Found a shadowy altar of Dithmenos.
  3501 | D:4      | Noticed a shadow
  3566 | D:4      | Reached skill level 5 in Stealth
  4065 | D:5      | Entered Level 5 of the Dungeon
  4434 | D:5      | Found a white marble altar of Elyvilon.
  4506 | D:5      | Found an opulent altar of Gozag.
  4548 | D:5      | Reached skill level 1 in Fighting
  4643 | D:5      | Reached XP level 8. HP: 54/54 MP: 14/14
  5039 | D:5      | Reached * piety under Makhleb
  5164 | D:5      | Reached skill level 5 in Spellcasting
  5293 | D:5      | Found a glowing silver altar of Zin.
  5546 | D:6      | Noticed Fractals's ghost (novice NaWr)
  5546 | D:6      | Found a runed translucent door.
  5590 | D:5      | Learned a level 4 spell: Summon Ice Beast
  5666 | D:6      | Reached skill level 1 in Summonings
  6046 | D:6      | Reached XP level 9. HP: 65/65 MP: 14/17
  6211 | D:6      | Found a staircase to the Ecumenical Temple.
  6358 | D:6      | Found Zeuduk's Elemental Accessories.
  6637 | D:6      | Reached skill level 5 in Evocations
  6687 | D:6      | Found a shimmering blue altar of Sif Muna.
  6778 | D:6      | Found an ancient bone altar of Kikubaaqudgha.
  6790 | D:6      | Found a radiant altar of Vehumet.
  7151 | D:6      | Reached skill level 1 in Invocations
  7631 | D:6      | Reached ** piety under Makhleb
  7652 | D:6      | Reached skill level 1 in Throwing
  8137 | Temple   | Entered the Ecumenical Temple
  8214 | D:7      | Noticed a hornet
  8426 | D:7      | Paralysed by a hornet for 2 turns
  8428 | D:7      | Killed a hornet
  8429 | D:7      | Reached XP level 10. HP: 52/71 MP: 18/20
  9464 | D:7      | Noticed Joseph
 10113 | D:8      | Found a sand-covered staircase.
 10130 | Ossuary  | Entered an ossuary
 10189 | Ossuary  | Reached skill level 5 in Invocations
 10238 | Ossuary  | Reached *** piety under Makhleb
 10953 | D:8      | Reached skill level 1 in Short Blades
 12381 | D:9      | Found a glowing golden altar of the Shining One.
 12515 | D:9      | Reached skill level 5 in Throwing
 12600 | D:9      | Noticed Grum
 12608 | D:9      | Reached skill level 1 in Armour
 12624 | D:9      | Killed Grum
 12953 | D:10     | Entered Level 10 of the Dungeon
 12968 | D:10     | Reached XP level 11. HP: 77/77 MP: 20/23
 12982 | D:10     | Reached **** piety under Makhleb
 13212 | D:10     | Noticed a moth of wrath
 13215 | D:10     | Found a bloodstained altar of Trog.
 13226 | D:10     | Found a staircase to the Lair.
 13278 | D:10     | Reached skill level 1 in Long Blades
 13514 | D:10     | Found a snail-covered altar of Cheibriados.
 13753 | D:10     | Noticed a two-headed ogre
 13920 | D:10     | Found a staircase to the Orcish Mines.
 13989 | D:10     | Found a shimmering altar of Xom.
 13991 | D:10     | Found a blossoming altar of Fedhas.
 13991 | D:10     | Found a shimmering altar of Xom.
 13995 | D:10     | Found a basalt altar of Yredelemnul.
 13995 | D:10     | Found a basalt altar of Yredelemnul.
 13995 | D:10     | Found a sacrificial altar of Ru.
 14133 | D:10     | Found Vaer Uqy's Distillery.
 14164 | D:10     | Bought a potion of heal wounds for 70 gold pieces
 14164 | D:10     | Bought a potion of attraction for 42 gold pieces
 14519 | D:10     | Killed a moth of wrath
 14813 | D:10     | Learned a level 5 spell: Freezing Cloud
 14830 | D:10     | Killed a two-headed ogre
 14831 | D:10     | Reached skill level 5 in Fighting
 14901 | D:11     | Noticed a two-headed ogre
 15011 | D:11     | Noticed a white ugly thing
 15059 | Lair:1   | Entered Level 1 of the Lair of Beasts
 15064 | Lair:1   | Reached skill level 5 in Summonings
 15073 | Lair:1   | Reached skill level 1 in Conjurations
 15073 | Lair:1   | Reached skill level 1 in Air Magic
 15233 | Lair:1   | Noticed Erica
 15354 | Lair:1   | Killed Erica
 15845 | Lair:1   | Reached ***** piety under Makhleb
 15908 | Lair:1   | Reached XP level 12. HP: 86/86 MP: 15/25
 16401 | Lair:2   | Identified the ring of Keboh {rPois Dex+2}
 16565 | Lair:2   | Noticed a five-headed hydra
 16571 | Lair:2   | Killed a five-headed hydra
 16594 | Lair:1   | Reached skill level 5 in Conjurations
 16715 | Lair:1   | Reached skill level 5 in Air Magic
 17990 | Lair:3   | Noticed an eight-headed hydra
 17996 | Lair:3   | Killed an eight-headed hydra
 18170 | Lair:3   | Noticed a four-headed hydra
 18176 | Lair:3   | Killed a four-headed hydra
 18373 | Lair:3   | Found a staircase to the Snake Pit.
 18502 | Lair:3   | Found a staircase to the Shoals.
 18644 | Lair:3   | Reached XP level 13. HP: 91/91 MP: 12/26
 19811 | Lair:4   | Identified the +5 chain mail "Saonirho" {rCorr Dex+6}
 19876 | Lair:4   | Reached skill level 10 in Spellcasting
 20245 | Lair:4   | Reached skill level 10 in Ice Magic
 20600 | Lair:4   | Noticed Josephine
 20606 | Lair:4   | Killed Josephine
 21079 | Lair:5   | Entered Level 5 of the Lair of Beasts
 22567 | Lair:5   | Reached skill level 10 in Invocations
 22646 | Lair:5   | Reached XP level 14. HP: 75/101 MP: 3/28
 22874 | Lair:5   | Found a viscous altar of Jiyva.
 22953 | Lair:5   | Reached ****** piety under Makhleb
 23426 | Lair:5   | Learned a level 4 spell: Dispel Undead
 23755 | Lair:5   | Noticed a dire elephant
 23756 | Lair:5   | Reached skill level 1 in Necromancy
 23767 | Lair:5   | Mangled by a dire elephant

Illustrated notes

Levels and vault maps discovered:
D:1:      roderic_octagonal_star, layout_basic
D:2:      layout_rooms, minmay_misc_feat_diagonals,
          nicolae_figureground_sparkle, uniq_natasha
D:3:      layout_rooms, nemelex_dance_club_becter,
          mainiacjoe_overflow_small_starburst,
          hellmonk_okawaru_the_only_friend_you_need
D:4:      layout_basic, riverfiend_overflow_shadow_ancestor
D:5:      layout_rooms, pdpol_temple_overflow_zin_treasury_gozag_greed,
          lemuel_tele_altar, minmay_splitting_lines, kennysheep_generic_room_5
D:6:      kennysheep_housing_project, layout_basic,
          palyth_temple_overflow_mages, temple_statues,
          hellmonk_ghost_happy_afterlife, minmay_misc_feat_rugged,
          nicolae_elemental_shop, minmay_bent
D:7:      layout_loops_ring, hangedman_abyss_or_decor_lesser_grid, hex_large,
          minmay_crystal_room, uniq_joseph
D:8:      layout_cave_pods, enter_ossuary_3, eino_small_chamber_without_monster
D:9:      layout_stronghold, mainiacjoe_overflow_24_doors, uniq_grum
D:10:     layout_basic, tgw_trog, doesnt_xom_only_xom,
          mainiacjoe_overflow_surrounded_room, erik_lair_orcish_takeover,
          minmay_orc_entry_temple_small, serial_shops, shop, minmay_holes
D:11:     layout_roguey, nicolae_uskayaw_dance_hall
Temple:   nicolae_temple_bog_church
Lair:1:   layout_misc_corridors, fungi_pond_lemuel, disabler_island, uniq_erica
Lair:2:   layout_regular_city, chequers_serial_rivers_small_a
Lair:3:   layout_regular_city, elwin_shoals_entry_rooms,
          minmay_snake_entry_guardpost_small
Lair:4:   layout_small_grid, uniq_josephine
Lair:5:   evil_forest, layout_small_grid, minmay_slime_entry_oklob_enclosed

Skill      XL: |  1  2  3  4  5  6  7  8  9 10 11 12 13 14 |
---------------+-------------------------------------------+-----
Dodging        | 3 4 5 6 8 |  8.0
Stealth        | 3 4 5 |  5.0
Ice Magic      | 5 6 7 8 9 10 | 10.0
Spellcasting   | 3 4 5 7 8 9 10 | 10.0
Evocations     | 1 2 4 5 7 8 9 |  9.1
Fighting       | 1 3 4 5 6 8 |  8.0
Summonings     | 1 4 5 |  5.0
Invocations    | 4 5 6 10 | 10.0
Throwing       | 3 5 |  5.0
Short Blades   | 4 |  4.0
Armour         | 1 3 |  3.0
Long Blades    | 3 4 |  4.8
Conjurations   | 3 5 |  5.0
Air Magic      | 3 5 |  5.0
Necromancy     | 1 |  1.0

Action                     |  1- 3 |  4- 6 |  7- 9 | 10-12 | 13-15 || total
---------------------------+-------+-------+-------+-------+-------++-------
  Melee: Dagger            |    26 |       |    86 |    71 |       ||   183
         Rapier            |    10 |    18 |       |       |       ||    28
         War axe           |       |    36 |    18 |     6 |       ||    60
         Punch             |       |     3 |     3 |     1 |     3 ||    10
         Mace              |       |       |    29 |       |       ||    29
         Whip              |       |       |    16 |       |       ||    16
         Scimitar          |       |       |       |   224 |   160 ||   384
         Falchion          |       |       |       |    11 |       ||    11
   Fire: Sling             |       |       |       |     2 |       ||     2
  Throw: Stone             |       |     4 |       |       |       ||     4
         Boomerang         |       |       |    21 |    14 |       ||    35
         Dart              |       |       |     3 |     5 |    20 ||    28
         Javelin           |       |       |     1 |     2 |       ||     3
   Cast: Freeze            |    42 |    27 |    41 |     8 |       ||   118
         Frozen Ramparts   |       |    13 |    44 |    71 |    40 ||   168
         Summon Ice Beast  |       |       |     8 |    67 |    45 ||   120
         Freezing Cloud    |       |       |       |    16 |    57 ||    73
  Evoke: Wand              |       |     5 |    16 |    16 |     4 ||    41
         Phantom mirror    |       |       |       |     1 |       ||     1
         Box of beasts     |       |       |       |       |     1 ||     1
    Use: Scroll            |       |       |     3 |     6 |       ||     9
         Potion            |       |       |       |     1 |       ||     1
   Stab: Sleeping          |     5 |     7 |    10 |     6 |     1 ||    29
         Distracted        |       |       |       |     4 |     4 ||     8
 Armour: Robe              |     6 |     8 |    26 |    70 |    50 ||   160
  Dodge: Dodged            |    40 |    56 |   133 |   241 |   141 ||   611
